 Dungeon Sprint DCSS version 0.17.2-1-ge4368a0 (webtiles) character file.

283 mopl the Covert (level 6, -2/45 HPs)
             Began as a Spriggan Assassin on Aug 22, 2016.
             Slain by a human
             ... wielding a +0 whip
              (9 damage)
             ... in the Dungeon (Sprint III: "The Ten Rune Challenge").
             The game lasted 00:00:59 (530 turns).

mopl the Covert (Spriggan Assassin)                  Turns: 530, Time: 00:00:59

Health: -2/45      AC:  3    Str: 12    XL:     6   Next: 7%
Magic:  7/7        EV: 17    Int: 12    God:
Gold:   14         SH:  0    Dex: 20    Spells: 0 memorised, 5 levels left

rFire  . . .     SeeInvis +     a - +2 dagger
rCold  . . .     Clarity  .     c - +0 robe
rNeg   . . .     SustAt   .     (shield restricted)
rPois  .         Gourm    .     (helmet restricted)
rElec  .         Spirit   .     d - +0 cloak
rCorr  .         Warding  .     (gloves unavailable)
rMut   .         NoTele   +     (boots unavailable)
MR     +....                    (no amulet)
Stlth  ..........               (no ring)
                                (no ring)

@: berserking (expiring), very quick, somewhat resistant to hostile
enchantments, extremely unstealthy
A: unfitting armour, see invisible, herbivore 3, speed 3, slow metabolism 2
a: no special abilities


You were in the Dungeon.
You were not hungry.

You visited 1 branch You collected 14 gold pieces.

Inventory:

Hand Weapons
 a - a +2 dagger (weapon)
 b - a +0 blowgun
Missiles
 e - 7 poisoned needles
 f - a curare-tipped needle
Armour
 c - a +0 robe (worn)
 d - a +0 cloak (worn)
Scrolls
 m - a scroll of blinking
 n - a scroll of enchant weapon {unknown}
 o - a scroll of random uselessness {unknown}
 q - a scroll of torment {unknown}
 r - 3 scrolls of identify {unknown}
 s - 2 scrolls of remove curse
 v - a scroll of immolation {unknown}
Potions
 h - a potion of curing
 i - 2 potions of heal wounds
 j - a potion of haste
 k - 2 potions of magic
 p - 2 potions of mutation {unknown}
 u - a potion of cure mutation {unknown}
 w - a potion of lignification {unknown}
 x - a potion of might
Comestibles
 g - a bread ration
 t - a royal jelly


   Skills:
 - Level 1.5 Fighting
 - Level 2.1 Short Blades
 * Level 10.5 Throwing
 - Level 1.5 Dodging
 + Level 12.3 Stealth


You had 5 spell levels left.
You didn't know any spells.

Dungeon Overview and Level Annotations

Branches:
Dungeon (1/1)

Altars:
Okawaru
Trog


Innate Abilities, Weirdness & Mutations

You are tiny and cannot use many weapons and most armour.
You have supernaturally acute eyesight.
You are a herbivore.
You cover ground extremely quickly.
You need consume almost no food.


Message History

The human is almost dead.
The human misses you.
You puncture the human!
You kill the human!
Your Throwing skill gained 2 levels and is now at level 10!
Your Stealth skill gained 2 levels and is now at level 12!
You have reached level 6!
Your experience leads to an increase in your attributes!
Your base attributes are Str 7, Int 12, Dex 19.
Increase (S)trength, (I)ntelligence, or (D)exterity?
You feel agile.
You barely miss the human. The human hits you with a whip!
* * * LOW HITPOINT WARNING * * *
You hit the human.
The human is lightly wounded.
The human closely misses you.
You closely miss the human.
The human is lightly wounded.
The human hits you with a whip!
You die...

▓▓ ▓▓▓ .#### ##.# #####
....#####..# #__[#
..[..#%.#..# #p†.#
##...#..#..###+#@###+##
###..##'#..#..........#
.##..###...'.⌠........#
##..####...#...######+#
##..###....#.⌠.#
#...##.....#...#
....#......#+###
..##.#.....#
..#####....#


You could see a human (berserk).

Vanquished Creatures
  A water elemental (D)
  A scorpion (D)
  Jessica (D)
  2 humans (D)
  2 rats (D)
7 creatures vanquished.

Vanquished Creatures (others)
  2 draconian scorchers (D)
  2 yaktaurs (D)
  3 plants (D)
7 creatures vanquished.

Grand Total: 14 creatures vanquished

Notes
Turn   | Place    | Note
--------------------------------------------------------------
     0 | D        | mopl the Spriggan Assassin began the quest for the Orb.
     0 | D        | Reached XP level 1. HP: 10/10 MP: 2/2
     9 | D        | Reached skill level 6 in Stealth
    24 | D        | Noticed Jessica
    41 | D        | Killed Jessica
    41 | D        | Reached skill level 5 in Throwing
    41 | D        | Reached skill level 7 in Stealth
    41 | D        | Reached XP level 2. HP: 1/14 MP: 3/3
   262 | D        | Killed a white draconian scorcher
   274 | D        | Killed a white draconian scorcher
   315 | D        | Killed a yaktaur
   318 | D        | Killed a yaktaur
   350 | D        | Noticed a scorpion
   353 | D        | Killed a scorpion
   353 | D        | Reached skill level 6 in Throwing
   353 | D        | Reached skill level 9 in Stealth
   353 | D        | Reached XP level 3. HP: 16/18 MP: 4/4
   353 | D        | Reached XP level 4. HP: 19/22 MP: 5/5
   368 | D        | Reached skill level 7 in Throwing
   486 | D        | Noticed a water elemental
   489 | D        | Killed a water elemental
   489 | D        | Reached skill level 8 in Throwing
   489 | D        | Reached skill level 10 in Stealth
   489 | D        | Reached XP level 5. HP: 23/25 MP: 6/6
   516 | D        | Found an iron altar of Okawaru.
   517 | D        | Found a bloodstained altar of Trog.
   517 | D        | Noticed a human
   517 | D        | Noticed a human
   527 | D        | Killed a human
   527 | D        | Reached skill level 10 in Throwing
   527 | D        | Reached skill level 12 in Stealth
   527 | D        | Reached XP level 6. HP: 20/30 MP: 7/7
   530 | D        | Slain by a human

Action                   |  1- 3 |  4- 6 || total
-------------------------+-------+-------++-------
Melee: Dagger            |     4 |    20 ||    24
 Fire: Blowgun           |     7 |     6 ||    13
  Use: Potion            |       |     1 ||     1
 Stab: Sleeping          |     3 |     1 ||     4
